Canadiens vs Nordiques
Created - 18 décembre 2014 at 19:33
Goals
|
| Canadiens |
1 |
0 |
5 |
6 |
| Nordiques |
1 |
2 |
1 |
4 |
|
Shots
|
| Canadiens |
10 |
8 |
19 |
37 |
| Nordiques |
15 |
11 |
8 |
34 |
|
1st period
1. Canadiens , Mike Ribeiro 15 (Marek Svatos, Patrick Marleau) at 12:21
2. Nordiques , Tyler Arnason 10 (Chris Pronger) at 14:41
Penalties :
Andrei Kostitsyn (Que) for Hooking (Minor) at 1:59, Jordan Eberle (Que) for Roughing (Minor) at 14:57, Peter Prucha (Que) for Hooking (Minor) at 18:24
2nd period
3. Nordiques , Jeff Halpern 1 (Ryan Bayda, Chris Pronger) at 0:55
4. Nordiques , Jeff Halpern 2 (Ryan Bayda, Chris Pronger) at 17:57
Penalties :
Mikael Samuelsson (Mon) for Holding (Minor) at 4:36, Matt Smaby (Que) for Interference (Minor) at 7:35, Pierre-Marc Bouchard (Que) for Hooking (Minor) at 19:47
3rd period
5. Canadiens , Marek Svatos 15 (Mike Ribeiro, Patrick Marleau) at 0:14 (PP)
6. Nordiques , Pierre-Marc Bouchard 11 (Andrei Kostitsyn, Bryan McCabe) at 1:01 (PP)
7. Canadiens , Patrick Marleau 24 (Radim Vrbata) at 3:10
8. Canadiens , Patrick Marleau 25 (Marek Svatos, Dennis Wideman) at 3:42
9. Canadiens , Riley Cote 8 (Michel Ouellet) at 13:47
10. Canadiens , Michel Ouellet 10 (Sergei Samsonov, Josh Gorges) at 14:47
Penalties :
Radim Vrbata (Mon) for Slashing (Double Minor) at 0:39
Goalie Stats
Jaroslav Halak (Mon), 30 saves from 34 shots - (0,882), W, 8-7-1, 60:00 minutes
Jean-Sébastien Giguère (Que), 31 saves from 37 shots - (0,838), L, 9-15-1, 60:00 minutes
Players Stats for Canadiens
Player Name G A P +/- PIM S H SB GA TA FO MP PP MP PK MP
------------------------------------------------------------------------------------
Brandon Prust 0 0 0 0 0 0 0 0 0 0 0/0 7:44 0:00 0:22
Brett Clark 0 0 0 1 0 0 3 0 0 1 0/0 16:06 0:00 1:22
Brooks Laich 0 0 0 0 0 1 1 1 1 1 4/5 11:41 0:13 0:19
Craig Rivet 0 0 0 -2 0 1 0 1 1 0 0/0 15:16 3:04 0:00
Dennis Wideman 0 1 1 3 0 3 1 2 0 0 0/0 28:38 5:19 2:58
Jamie Lundmark 0 0 0 0 0 0 0 0 0 0 2/2 7:22 0:00 0:00
Josh Gorges 0 1 1 1 0 1 0 1 0 0 0/0 16:06 0:00 1:22
Marek Svatos 1 2 3 2 0 2 2 1 0 1 0/1 21:35 4:47 1:10
Matt Carle 0 0 0 -2 0 4 0 1 1 2 0/0 15:16 3:04 0:00
Michel Ouellet 1 1 2 0 0 4 2 0 0 0 0/0 11:21 0:12 0:00
Mikael Samuelsson 0 0 0 0 2 0 0 0 1 0 0/0 8:08 0:12 0:00
Mike Ribeiro 1 1 2 3 0 5 2 2 2 2 19/34 23:18 4:47 2:43
Nicklas Lidstrom 0 0 0 3 0 1 1 0 1 3 0/0 28:38 5:19 2:58
Patrick Marleau 2 2 4 3 0 3 3 1 0 0 3/10 23:03 4:46 2:29
Radim Vrbata 0 1 1 0 4 4 2 1 1 0 0/0 16:31 3:24 0:00
Riley Cote 1 0 1 0 0 5 0 1 0 0 0/0 11:01 0:00 0:27
Saku Koivu 0 0 0 -1 0 1 2 0 1 0 10/16 17:32 3:24 1:10
Sergei Samsonov 0 1 1 -1 0 2 0 0 1 0 0/0 16:22 3:24 0:00
Players Stats for Nordiques
Player Name G A P +/- PIM S H SB GA TA FO MP PP MP PK MP
------------------------------------------------------------------------------------
Andrei Kostitsyn 0 1 1 0 2 3 2 0 3 0 1/2 19:53 2:33 1:27
Bryan McCabe 0 1 1 1 0 1 3 6 1 2 0/0 29:03 2:38 5:03
Chris Pronger 0 3 3 1 0 0 0 2 2 2 0/0 29:47 2:38 4:53
Ed Jovanovski 0 0 0 0 0 2 0 0 0 1 0/0 11:51 0:00 0:08
Jeff Halpern 2 0 2 1 0 2 0 0 0 1 4/6 10:03 0:00 1:42
Jordan Eberle 0 0 0 0 2 5 1 0 0 0 0/1 20:22 2:33 1:56
Jordan Leopold 0 0 0 -3 0 0 1 2 1 1 0/0 19:24 1:42 3:30
Matt Ellison 0 0 0 1 0 0 0 0 0 0 0/0 7:47 0:00 0:00
Matt Smaby 0 0 0 -3 2 1 1 0 0 0 0/0 18:39 1:42 2:29
Mattias Weinhandl 0 0 0 -1 0 0 0 0 1 0 0/0 11:00 0:00 0:00
Mike York 0 0 0 -1 0 3 1 1 2 1 0/0 11:46 0:00 0:29
Nick Schultz 0 0 0 0 0 1 1 1 0 0 0/0 11:32 0:00 0:43
Patrik Elias 0 0 0 -2 0 2 2 1 0 2 0/0 18:37 1:47 4:31
Peter Prucha 0 0 0 -2 2 1 1 1 0 0 0/1 14:05 1:47 0:00
Pierre-Marc Bouchard 1 0 1 0 2 8 0 3 0 0 19/37 22:07 2:33 4:04
Rickard Wallin 0 0 0 -1 0 0 2 0 0 0 3/8 11:00 0:00 0:00
Ryan Bayda 0 2 2 1 0 2 1 0 0 0 0/0 7:47 0:00 0:00
Tyler Arnason 1 0 1 -2 0 3 0 1 0 0 3/13 16:49 1:47 2:37
3 Stars
1 - Patrick Marleau (Mon)
2 - Marek Svatos (Mon)
3 - Mike Ribeiro (Mon)
Power Play
Canadiens - 1 on 5 Attempt(s) - 20,00%
Nordiques - 1 on 3 Attempt(s) - 33,33%
Penalty Kill
Canadiens - 2 on 3 Attempt(s) - 66,67%
- Score 0 goal in Penalty Kill
Nordiques - 4 on 5 Attempt(s) - 80,00%
- Score 0 goal in Penalty Kill
Official
Referees : Lee Chris and Devorski Paul
Linesman : Ryan Galloway and Derek Amell
Game Notes
No Game Note
Finance
Level 1 -- Attendance: 4932 (82,20%) -- Ticket Income 419 220 $
Level 2 -- Attendance: 4664 (93,28%) -- Ticket Income 233 200 $
Level 3 -- Attendance: 1289 (64,45%) -- Ticket Income 51 560 $
Level 4 -- Attendance: 2541 (63,53%) -- Ticket Income 63 525 $
Luxury Box -- Attendance: 989 (98,90%) -- Ticket Income 143 405 $
Game was played at the Colisé Pepsi
Total Attendance: 14415 (80,08%)
Total Ticket Income: 910 910 $
Other Income: 136 636 $
Total Income: 1 047 546 $
Canadiens
5 vs 5 Forward
Center Left Wing Right Wing Time % Phy DF OF
1 Mike Ribeiro Patrick Marleau Marek Svatos 40 1 2 2
2 Saku Koivu Sergei Samsonov Radim Vrbata 30 1 2 2
3 Brooks Laich Riley Cote Michel Ouellet 20 1 2 2
4 Jamie Lundmark Brandon Prust Mikael Samuelsson 10 1 2 2
5 vs 5 Defense
Defense Defense Time % Phy DF OF
1 Dennis Wideman Nicklas Lidstrom 40 1 2 2
2 Brett Clark Josh Gorges 30 1 2 2
3 Craig Rivet Matt Carle 20 1 2 2
4 Dennis Wideman Nicklas Lidstrom 10 1 2 2
PowerPlay Forward
Center Left Wing Right Wing Time % Phy DF OF
1 Mike Ribeiro Patrick Marleau Marek Svatos 60 1 2 2
2 Saku Koivu Sergei Samsonov Radim Vrbata 40 1 2 2
PowerPlay Defense
Defense Defense Time % Phy DF OF
1 Dennis Wideman Nicklas Lidstrom 60 1 2 2
2 Craig Rivet Matt Carle 40 1 2 2
Penalty Kill 4 Players Forward
Center Wing Time % Phy DF OF
1 Patrick Marleau Mike Ribeiro 60 1 2 2
2 Saku Koivu Marek Svatos 40 1 2 2
Penalty Kill 4 Players Defense
Defense Defense Time % Phy DF OF
1 Dennis Wideman Nicklas Lidstrom 60 1 2 2
2 Brett Clark Josh Gorges 40 1 2 2
Penalty Kill - 3 Players Forward
Forward Time % Phy DF OF
1 Patrick Marleau 60 1 2 2
2 Mike Ribeiro 40 1 2 2
Penalty Kill - 3 Players Defense
Defense Defense Time % Phy DF OF
1 Dennis Wideman Nicklas Lidstrom 60 1 2 2
2 Brett Clark Josh Gorges 40 1 2 2
4 vs 4 Forward
Center Wing Time % Phy DF OF
1 Patrick Marleau Mike Ribeiro 60 1 2 2
2 Saku Koivu Marek Svatos 40 1 2 2
4 vs 4 Defense
Defense Defense Time % Phy DF OF
1 Dennis Wideman Nicklas Lidstrom 60 1 2 2
2 Brett Clark Josh Gorges 40 1 2 2
Last Minutes Offensive
Center Left Wing Right Wing Defense Defense
Mike Ribeiro Patrick Marleau Marek Svatos Dennis Wideman Nicklas Lidstrom
Last Minutes Defensive
Center Left Wing Right Wing Defense Defense
Mike Ribeiro Patrick Marleau Marek Svatos Dennis Wideman Nicklas Lidstrom
Goaltenders
Starting : Jaroslav Halak
Backup : Miika Kiprusoff
Extra Forwards
Normal : Brooks Laich, Michel Ouellet, Riley Cote - PP : Brooks Laich, Michel Ouellet - PK : Riley Cote
Extra Defensemen
Normal : Craig Rivet, Matt Carle, Brett Clark - PP : Craig Rivet - PK : Matt Carle, Brett Clark
Penalty Shots
Patrick Marleau, Mike Ribeiro, Saku Koivu, Marek Svatos, Sergei Samsonov
Nordiques
5 vs 5 Forward
Center Left Wing Right Wing Time % Phy DF OF
1 Pierre-Marc Bouchard Andrei Kostitsyn Jordan Eberle 40 0 2 3
2 Tyler Arnason Patrik Elias Peter Prucha 30 0 2 3
3 Rickard Wallin Mike York Mattias Weinhandl 20 1 2 2
4 Jeff Halpern Ryan Bayda Matt Ellison 10 1 2 2
5 vs 5 Defense
Defense Defense Time % Phy DF OF
1 Chris Pronger Bryan McCabe 40 0 2 3
2 Matt Smaby Jordan Leopold 30 0 2 3
3 Ed Jovanovski Nick Schultz 20 1 2 2
4 Chris Pronger Bryan McCabe 10 1 2 2
PowerPlay Forward
Center Left Wing Right Wing Time % Phy DF OF
1 Pierre-Marc Bouchard Andrei Kostitsyn Jordan Eberle 60 0 1 4
2 Tyler Arnason Patrik Elias Peter Prucha 40 0 1 4
PowerPlay Defense
Defense Defense Time % Phy DF OF
1 Chris Pronger Bryan McCabe 60 0 2 3
2 Matt Smaby Jordan Leopold 40 0 2 3
Penalty Kill 4 Players Forward
Center Wing Time % Phy DF OF
1 Pierre-Marc Bouchard Patrik Elias 60 1 3 1
2 Tyler Arnason Jordan Eberle 40 1 3 1
Penalty Kill 4 Players Defense
Defense Defense Time % Phy DF OF
1 Chris Pronger Bryan McCabe 60 1 3 1
2 Matt Smaby Jordan Leopold 40 1 3 1
Penalty Kill - 3 Players Forward
Forward Time % Phy DF OF
1 Pierre-Marc Bouchard 60 1 3 1
2 Jordan Eberle 40 1 3 1
Penalty Kill - 3 Players Defense
Defense Defense Time % Phy DF OF
1 Chris Pronger Bryan McCabe 60 1 3 1
2 Matt Smaby Jordan Leopold 40 1 3 1
4 vs 4 Forward
Center Wing Time % Phy DF OF
1 Pierre-Marc Bouchard Andrei Kostitsyn 60 0 2 3
2 Tyler Arnason Patrik Elias 40 0 2 3
4 vs 4 Defense
Defense Defense Time % Phy DF OF
1 Chris Pronger Bryan McCabe 60 1 2 2
2 Matt Smaby Jordan Leopold 40 1 2 2
Last Minutes Offensive
Center Left Wing Right Wing Defense Defense
Pierre-Marc Bouchard Andrei Kostitsyn Peter Prucha Chris Pronger Bryan McCabe
Last Minutes Defensive
Center Left Wing Right Wing Defense Defense
Pierre-Marc Bouchard Andrei Kostitsyn Peter Prucha Chris Pronger Bryan McCabe
Goaltenders
Starting : Jean-Sébastien Giguère
Backup : Mike Smith
Extra Forwards
Normal : Peter Prucha, Pierre-Marc Bouchard, Andrei Kostitsyn - PP : Peter Prucha, Jordan Eberle - PK : Pierre-Marc Bouchard
Extra Defensemen
Normal : Ed Jovanovski, Bryan McCabe, Matt Smaby - PP : Ed Jovanovski - PK : Nick Schultz, Matt Smaby
Penalty Shots
Andrei Kostitsyn, Pierre-Marc Bouchard, Jordan Eberle, Peter Prucha, Patrik Elias
% Time on Ice - Canadiens
Lines # - Real PCT - Wanted PCT - Time Play
Normal Forward
1 - 35% - 40% - 16:23
2 - 27% - 30% - 12:58
3 - 22% - 20% - 10:34
4 - 16% - 10% - 7:22
Normal Defense
1 - 41% - 40% - 19:18
2 - 33% - 30% - 15:28
3 - 24% - 20% - 11:28
4 - 2% - 10% - 1:03
PP Forward
1 - 59% - 60% - 4:59
2 - 41% - 40% - 3:24
PP Defense
1 - 63% - 60% - 5:19
2 - 37% - 40% - 3:04
PK Forward
1 - 73% - 60% - 3:10
2 - 27% - 40% - 1:10
PK Defense
1 - 68% - 60% - 2:58
2 - 32% - 40% - 1:22
PK3 Forward
1 - 0% - 60%
2 - 0% - 40%
PK3 Defense
1 - 0% - 60%
2 - 0% - 40%
44 Forward
1 - 0% - 60%
2 - 0% - 40%
44 Defense
1 - 0% - 60%
2 - 0% - 40%
Last Minute Offensive - 0:00
Last Minute Defensive - 0:00
Total
Forward - 60:00
Defense - 60:00
|
% Time on Ice - Nordiques
Lines # - Real PCT - Wanted PCT - Time Play
Normal Forward
1 - 34% - 40% - 16:05
2 - 26% - 30% - 12:25
3 - 23% - 20% - 11:00
4 - 16% - 10% - 7:47
Normal Defense
1 - 42% - 40% - 19:46
2 - 32% - 30% - 15:06
3 - 23% - 20% - 10:49
4 - 3% - 10% - 1:36
PP Forward
1 - 59% - 60% - 2:33
2 - 41% - 40% - 1:47
PP Defense
1 - 61% - 60% - 2:38
2 - 39% - 40% - 1:42
PK Forward
1 - 69% - 60% - 5:46
2 - 31% - 40% - 2:37
PK Defense
1 - 57% - 60% - 4:45
2 - 43% - 40% - 3:38
PK3 Forward
1 - 0% - 60%
2 - 0% - 40%
PK3 Defense
1 - 0% - 60%
2 - 0% - 40%
44 Forward
1 - 0% - 60%
2 - 0% - 40%
44 Defense
1 - 0% - 60%
2 - 0% - 40%
Last Minute Offensive - 0:00
Last Minute Defensive - 0:00
Total
Forward - 60:00
Defense - 60:00
|
Play by Play
1st period
0:01 of 1st period - Mike Ribeiro wins face-off versus Pierre-Marc Bouchard in neutral zone.
0:32 of 1st period - Chris Pronger is hit by Dennis Wideman and loses puck.
1:18 of 1st period - Wrist shot by Ryan Bayda.
1:18 of 1st period - Stopped by Jaroslav Halak with a rebound.
1:36 of 1st period - Snap shot by Andrei Kostitsyn.
1:36 of 1st period - Shot Misses the Net.
1:39 of 1st period - Icing by Matt Carle.
1:40 of 1st period - Mike Ribeiro wins face-off versus Tyler Arnason in Canadiens zone.
1:40 of 1st period - Mike Ribeiro is hit by Patrik Elias.
1:48 of 1st period - Wrist shot by Patrick Marleau.
1:48 of 1st period - Shot Blocked by Peter Prucha.
1:50 of 1st period - Slapshot by Craig Rivet.
1:50 of 1st period - Shot Misses the Net.
1:52 of 1st period - Snap shot by Marek Svatos.
1:52 of 1st period - Shot Misses the Net.
1:56 of 1st period - Wrist shot by Mike Ribeiro.
1:56 of 1st period - Stopped by Jean-Sébastien Giguère without a rebound.
1:57 of 1st period - Pierre-Marc Bouchard wins face-off versus Saku Koivu in Nordiques zone.
1:59 of 1st period - Minor Penalty to Andrei Kostitsyn for Hooking.
2:00 of 1st period - Mike Ribeiro wins face-off versus Pierre-Marc Bouchard in Nordiques zone.
2:04 of 1st period - Wrist shot by Patrick Marleau.
2:04 of 1st period - Shot Misses the Net.
2:06 of 1st period - Wrist shot by Patrick Marleau.
2:06 of 1st period - Shot Misses the Net.
2:08 of 1st period - Snap shot by Marek Svatos.
2:08 of 1st period - Shot Blocked by Chris Pronger.
2:58 of 1st period - Snap shot by Jordan Eberle.
2:58 of 1st period - Stopped by Jaroslav Halak with a rebound.
3:00 of 1st period - Wrist shot by Jordan Eberle.
3:00 of 1st period - Shot Blocked by Matt Carle.
3:02 of 1st period - Snap shot by Jordan Eberle.
3:02 of 1st period - Shot Blocked by Craig Rivet.
3:31 of 1st period - Bryan McCabe is hit by Radim Vrbata and loses puck.
3:59 of 1st period - Penalty to Andrei Kostitsyn is over, Andrei Kostitsyn is back on ice.
4:44 of 1st period - Snap shot by Mikael Samuelsson.
4:44 of 1st period - Shot Misses the Net.
4:46 of 1st period - Snap shot by Mikael Samuelsson.
4:46 of 1st period - Shot Blocked by Bryan McCabe.
6:15 of 1st period - Patrik Elias is hit by Patrick Marleau and loses puck.
7:22 of 1st period - Pierre-Marc Bouchard is hit by Marek Svatos and loses puck.
7:29 of 1st period - Jordan Eberle is hit by Brett Clark and loses puck.
7:46 of 1st period - Wrist shot by Pierre-Marc Bouchard.
7:46 of 1st period - Stopped by Jaroslav Halak with a rebound.
7:48 of 1st period - Wrist shot by Pierre-Marc Bouchard.
7:48 of 1st period - Stopped by Jaroslav Halak with a rebound.
7:50 of 1st period - Snap shot by Jordan Eberle.
7:50 of 1st period - Stopped by Jaroslav Halak with a rebound.
7:52 of 1st period - Snap shot by Jordan Eberle.
7:52 of 1st period - Stopped by Jaroslav Halak with a rebound.
7:54 of 1st period - Wrist shot by Pierre-Marc Bouchard.
7:54 of 1st period - Shot Blocked by Patrick Marleau.
7:56 of 1st period - Slapshot by Bryan McCabe.
7:56 of 1st period - Shot Blocked by Mike Ribeiro.
7:58 of 1st period - Wrist shot by Andrei Kostitsyn.
7:58 of 1st period - Deflect By Pierre-Marc Bouchard.
7:58 of 1st period - Stopped by Jaroslav Halak without a rebound.
7:59 of 1st period - Saku Koivu wins face-off versus Tyler Arnason in Canadiens zone.
8:12 of 1st period - Wrist shot by Sergei Samsonov.
8:12 of 1st period - Stopped by Jean-Sébastien Giguère with a rebound.
8:43 of 1st period - Snap shot by Dennis Wideman.
8:43 of 1st period - Stopped by Jean-Sébastien Giguère without a rebound.
8:44 of 1st period - Jamie Lundmark wins face-off versus Jeff Halpern in Nordiques zone.
9:18 of 1st period - Slapshot by Sergei Samsonov.
9:18 of 1st period - Shot Blocked by Jordan Leopold.
9:20 of 1st period - Snap shot by Radim Vrbata.
9:20 of 1st period - Stopped by Jean-Sébastien Giguère with a rebound.
9:36 of 1st period - Snap shot by Pierre-Marc Bouchard.
9:36 of 1st period - Stopped by Jaroslav Halak with a rebound.
9:38 of 1st period - Slapshot by Nick Schultz.
9:38 of 1st period - Stopped by Jaroslav Halak with a rebound.
9:40 of 1st period - Wrist shot by Pierre-Marc Bouchard.
9:40 of 1st period - Stopped by Jaroslav Halak with a rebound.
9:42 of 1st period - Snap shot by Pierre-Marc Bouchard.
9:42 of 1st period - Shot Misses the Net.
10:13 of 1st period - Icing by Ed Jovanovski.
10:14 of 1st period - Saku Koivu wins face-off versus Tyler Arnason in Nordiques zone.
10:29 of 1st period - Slapshot by Saku Koivu.
10:29 of 1st period - Stopped by Jean-Sébastien Giguère with a rebound.
10:35 of 1st period - Patrik Elias is hit by Radim Vrbata and loses puck.
10:46 of 1st period - Snap shot by Patrik Elias.
10:46 of 1st period - Stopped by Jaroslav Halak without a rebound.
10:47 of 1st period - Pierre-Marc Bouchard wins face-off versus Mike Ribeiro in Canadiens zone.
10:50 of 1st period - Wrist shot by Andrei Kostitsyn.
10:50 of 1st period - Stopped by Jaroslav Halak with a rebound.
12:07 of 1st period - Icing by Patrik Elias.
12:08 of 1st period - Mike Ribeiro wins face-off versus Tyler Arnason in Nordiques zone.
12:13 of 1st period - Snap shot by Patrick Marleau.
12:13 of 1st period - Shot Blocked by Bryan McCabe.
12:21 of 1st period - Wrist shot by Mike Ribeiro.
12:21 of 1st period - Goal by Mike Ribeiro - Canadiens : 1 - Nordiques : 0.
12:22 of 1st period - Pierre-Marc Bouchard wins face-off versus Mike Ribeiro in neutral zone.
13:16 of 1st period - Dennis Wideman is hit by Rickard Wallin.
13:30 of 1st period - Snap shot by Brooks Laich.
13:30 of 1st period - Shot Misses the Net.
13:51 of 1st period - Off-side.
13:52 of 1st period - Jeff Halpern wins face-off versus Mike Ribeiro in neutral zone.
13:54 of 1st period - Matt Smaby is hit by Brett Clark and loses puck.
14:01 of 1st period - Wrist shot by Matt Smaby.
14:01 of 1st period - Stopped by Jaroslav Halak without a rebound.
14:02 of 1st period - Andrei Kostitsyn wins face-off versus Mike Ribeiro in Canadiens zone.
14:29 of 1st period - Wrist shot by Radim Vrbata.
14:29 of 1st period - Stopped by Jean-Sébastien Giguère without a rebound.
14:30 of 1st period - Saku Koivu wins face-off versus Tyler Arnason in Nordiques zone.
14:33 of 1st period - Snap shot by Saku Koivu.
14:33 of 1st period - Shot Blocked by Chris Pronger.
14:41 of 1st period - Snap shot by Tyler Arnason.
14:41 of 1st period - Goal by Tyler Arnason - Canadiens : 1 - Nordiques : 1.
14:42 of 1st period - Mike Ribeiro wins face-off versus Pierre-Marc Bouchard in neutral zone.
14:55 of 1st period - Slapshot by Marek Svatos.
14:55 of 1st period - Shot Blocked by Pierre-Marc Bouchard.
14:57 of 1st period - Minor Penalty to Jordan Eberle for Roughing.
14:58 of 1st period - Pierre-Marc Bouchard wins face-off versus Mike Ribeiro in Nordiques zone.
15:30 of 1st period - Wrist shot by Sergei Samsonov.
15:30 of 1st period - Shot Blocked by Pierre-Marc Bouchard.
15:32 of 1st period - Slapshot by Saku Koivu.
15:32 of 1st period - Shot Misses the Net.
15:34 of 1st period - Slapshot by Dennis Wideman.
15:34 of 1st period - Stopped by Jean-Sébastien Giguère with a rebound.
15:36 of 1st period - Snap shot by Saku Koivu.
15:36 of 1st period - Shot Misses the Net.
16:08 of 1st period - Patrick Marleau is hit by Patrik Elias and loses puck.
16:57 of 1st period - Penalty to Jordan Eberle is over, Jordan Eberle is back on ice.
17:13 of 1st period - Icing by Matt Carle.
17:14 of 1st period - Rickard Wallin wins face-off versus Brooks Laich in Canadiens zone.
17:15 of 1st period - Snap shot by Mike York.
17:15 of 1st period - Stopped by Jaroslav Halak without a rebound.
17:16 of 1st period - Mike Ribeiro wins face-off versus Rickard Wallin in Canadiens zone.
17:24 of 1st period - Backhand shot by Marek Svatos.
17:24 of 1st period - Stopped by Jean-Sébastien Giguère with a rebound.
17:26 of 1st period - Snap shot by Marek Svatos.
17:26 of 1st period - Shot Blocked by Mike York.
17:28 of 1st period - Wrist shot by Marek Svatos.
17:28 of 1st period - Shot Misses the Net.
17:30 of 1st period - Snap shot by Mike Ribeiro.
17:30 of 1st period - Stopped by Jean-Sébastien Giguère with a rebound.
17:32 of 1st period - Wrist shot by Mike Ribeiro.
17:32 of 1st period - Shot Misses the Net.
18:24 of 1st period - Minor Penalty to Peter Prucha for Hooking.
18:25 of 1st period - Pierre-Marc Bouchard wins face-off versus Mike Ribeiro in Nordiques zone.
18:50 of 1st period - Wrist shot by Sergei Samsonov.
18:50 of 1st period - Shot Blocked by Patrik Elias.
18:54 of 1st period - Snap shot by Radim Vrbata.
18:54 of 1st period - Shot Misses the Net.
18:56 of 1st period - Slapshot by Radim Vrbata.
18:56 of 1st period - Shot Blocked by Pierre-Marc Bouchard.
Goals for this period are 1 for Canadiens vs 1 for Nordiques.
Shots for this period are 10 for Canadiens vs 15 for Nordiques.
2nd period
0:01 of 2nd period - Mike Ribeiro wins face-off versus Pierre-Marc Bouchard in neutral zone.
0:24 of 2nd period - Penalty to Peter Prucha is over, Peter Prucha is back on ice.
0:32 of 2nd period - Chris Pronger is hit by Saku Koivu and loses puck.
0:53 of 2nd period - Snap shot by Ryan Bayda.
0:53 of 2nd period - Shot Misses the Net.
0:55 of 2nd period - Snap shot by Jeff Halpern.
0:55 of 2nd period - Goal by Jeff Halpern - Canadiens : 1 - Nordiques : 2.
0:56 of 2nd period - Pierre-Marc Bouchard wins face-off versus Mike Ribeiro in neutral zone.
1:01 of 2nd period - Mike Ribeiro is hit by Andrei Kostitsyn and loses puck.
1:55 of 2nd period - Snap shot by Patrik Elias.
1:55 of 2nd period - Shot Blocked by Riley Cote.
3:27 of 2nd period - Wrist shot by Radim Vrbata.
3:27 of 2nd period - Shot Misses the Net.
3:33 of 2nd period - Matt Carle is hit by Nick Schultz and loses puck.
4:34 of 2nd period - Wrist shot by Mike York.
4:34 of 2nd period - Shot Misses the Net.
4:36 of 2nd period - Minor Penalty to Mikael Samuelsson for Holding.
4:37 of 2nd period - Patrick Marleau wins face-off versus Pierre-Marc Bouchard in Canadiens zone.
4:48 of 2nd period - Slapshot by Andrei Kostitsyn.
4:48 of 2nd period - Stopped by Jaroslav Halak with a rebound.
5:25 of 2nd period - Marek Svatos is hit by Andrei Kostitsyn and loses puck.
6:36 of 2nd period - Penalty to Mikael Samuelsson is over, Mikael Samuelsson is back on ice.
7:02 of 2nd period - Icing by Saku Koivu.
7:03 of 2nd period - Jeff Halpern wins face-off versus Saku Koivu in Canadiens zone.
7:06 of 2nd period - Snap shot by Matt Ellison.
7:06 of 2nd period - Shot Misses the Net.
7:13 of 2nd period - Off-side.
7:14 of 2nd period - Pierre-Marc Bouchard wins face-off versus Patrick Marleau in neutral zone.
7:35 of 2nd period - Minor Penalty to Matt Smaby for Interference.
7:36 of 2nd period - Mike Ribeiro wins face-off versus Pierre-Marc Bouchard in Nordiques zone.
9:35 of 2nd period - Penalty to Matt Smaby is over, Matt Smaby is back on ice.
9:44 of 2nd period - Matt Carle is hit by Matt Smaby and loses puck.
10:11 of 2nd period - Chris Pronger is hit by Brett Clark and loses puck.
10:15 of 2nd period - Icing by Peter Prucha.
10:16 of 2nd period - Tyler Arnason wins face-off versus Mike Ribeiro in Nordiques zone.
10:16 of 2nd period - Peter Prucha is hit by Patrick Marleau and loses puck.
10:37 of 2nd period - Icing by Pierre-Marc Bouchard.
10:38 of 2nd period - Saku Koivu wins face-off versus Pierre-Marc Bouchard in Nordiques zone.
10:49 of 2nd period - Wrist shot by Andrei Kostitsyn.
10:49 of 2nd period - Deflect By Pierre-Marc Bouchard.
10:49 of 2nd period - Shot Misses the Net.
10:49 of 2nd period - Puck is out of play.
10:50 of 2nd period - Pierre-Marc Bouchard wins face-off versus Mike Ribeiro in Canadiens zone.
11:20 of 2nd period - Wrist shot by Patrik Elias.
11:20 of 2nd period - Shot Misses the Net.
11:24 of 2nd period - Wrist shot by Peter Prucha.
11:24 of 2nd period - Stopped by Jaroslav Halak with a rebound.
11:44 of 2nd period - Slapshot by Chris Pronger.
11:44 of 2nd period - Shot Misses the Net.
11:47 of 2nd period - Icing by Craig Rivet.
11:48 of 2nd period - Brooks Laich wins face-off versus Andrei Kostitsyn in Canadiens zone.
11:57 of 2nd period - Andrei Kostitsyn is hit by Brooks Laich and loses puck.
12:16 of 2nd period - Wrist shot by Michel Ouellet.
12:16 of 2nd period - Shot Misses the Net.
12:18 of 2nd period - Snap shot by Craig Rivet.
12:18 of 2nd period - Shot Misses the Net.
12:20 of 2nd period - Snap shot by Riley Cote.
12:20 of 2nd period - Stopped by Jean-Sébastien Giguère with a rebound.
12:22 of 2nd period - Wrist shot by Matt Carle.
12:22 of 2nd period - Stopped by Jean-Sébastien Giguère with a rebound.
12:41 of 2nd period - Snap shot by Pierre-Marc Bouchard.
12:41 of 2nd period - Shot Misses the Net.
12:47 of 2nd period - Pierre-Marc Bouchard is hit by Michel Ouellet and loses puck.
12:52 of 2nd period - Snap shot by Michel Ouellet.
12:52 of 2nd period - Stopped by Jean-Sébastien Giguère with a rebound.
12:54 of 2nd period - Wrist shot by Riley Cote.
12:54 of 2nd period - Stopped by Jean-Sébastien Giguère with a rebound.
12:56 of 2nd period - Snap shot by Matt Carle.
12:56 of 2nd period - Stopped by Jean-Sébastien Giguère without a rebound.
12:57 of 2nd period - Mike Ribeiro wins face-off versus Tyler Arnason in Nordiques zone.
13:00 of 2nd period - Snap shot by Mike Ribeiro.
13:00 of 2nd period - Stopped by Jean-Sébastien Giguère without a rebound.
13:01 of 2nd period - Mike Ribeiro wins face-off versus Tyler Arnason in Nordiques zone.
13:08 of 2nd period - Marek Svatos is hit by Peter Prucha and loses puck.
13:31 of 2nd period - Sergei Samsonov is hit by Rickard Wallin and loses puck.
14:17 of 2nd period - Wrist shot by Patrik Elias.
14:17 of 2nd period - Shot Blocked by Josh Gorges.
14:19 of 2nd period - Snap shot by Tyler Arnason.
14:19 of 2nd period - Stopped by Jaroslav Halak with a rebound.
14:21 of 2nd period - Slapshot by Ed Jovanovski.
14:21 of 2nd period - Stopped by Jaroslav Halak without a rebound.
14:22 of 2nd period - Pierre-Marc Bouchard wins face-off versus Saku Koivu in Canadiens zone.
14:23 of 2nd period - Wrist shot by Andrei Kostitsyn.
14:23 of 2nd period - Shot Blocked by Radim Vrbata.
14:48 of 2nd period - Bryan McCabe is hit by Michel Ouellet and loses puck.
14:56 of 2nd period - Icing by Bryan McCabe.
14:57 of 2nd period - Pierre-Marc Bouchard wins face-off versus Mike Ribeiro in Nordiques zone.
14:57 of 2nd period - Pierre-Marc Bouchard is hit by Mike Ribeiro.
15:11 of 2nd period - Slapshot by Andrei Kostitsyn.
15:11 of 2nd period - Shot Hit the Post.
15:13 of 2nd period - Slapshot by Andrei Kostitsyn.
15:13 of 2nd period - Shot Blocked by Dennis Wideman.
15:15 of 2nd period - Wrist shot by Pierre-Marc Bouchard.
15:15 of 2nd period - Stopped by Jaroslav Halak without a rebound.
15:16 of 2nd period - Tyler Arnason wins face-off versus Saku Koivu in Canadiens zone.
15:19 of 2nd period - Snap shot by Patrik Elias.
15:19 of 2nd period - Shot Misses the Net.
15:21 of 2nd period - Slapshot by Patrik Elias.
15:21 of 2nd period - Shot Hit the Post.
15:23 of 2nd period - Slapshot by Patrik Elias.
15:23 of 2nd period - Shot Misses the Net.
15:50 of 2nd period - Wrist shot by Mike York.
15:50 of 2nd period - Shot Misses the Net.
16:10 of 2nd period - Slapshot by Ryan Bayda.
16:10 of 2nd period - Stopped by Jaroslav Halak with a rebound.
16:20 of 2nd period - Marek Svatos is hit by Bryan McCabe and loses puck.
16:27 of 2nd period - Snap shot by Peter Prucha.
16:27 of 2nd period - Deflect By Patrik Elias.
16:27 of 2nd period - Stopped by Jaroslav Halak with a rebound.
16:29 of 2nd period - Snap shot by Ed Jovanovski.
16:29 of 2nd period - Stopped by Jaroslav Halak without a rebound.
16:30 of 2nd period - Saku Koivu wins face-off versus Pierre-Marc Bouchard in Canadiens zone.
17:26 of 2nd period - Snap shot by Jamie Lundmark.
17:26 of 2nd period - Shot Blocked by Nick Schultz.
17:57 of 2nd period - Slapshot by Jeff Halpern.
17:57 of 2nd period - Goal by Jeff Halpern - Canadiens : 1 - Nordiques : 3.
17:58 of 2nd period - Mike Ribeiro wins face-off versus Pierre-Marc Bouchard in neutral zone.
18:03 of 2nd period - Snap shot by Nicklas Lidstrom.
18:03 of 2nd period - Deflect By Pierre-Marc Bouchard.
18:03 of 2nd period - Stopped by Jean-Sébastien Giguère without a rebound.
18:04 of 2nd period - Pierre-Marc Bouchard wins face-off versus Mike Ribeiro in Nordiques zone.
18:04 of 2nd period - Pierre-Marc Bouchard is hit by Marek Svatos.
18:20 of 2nd period - Snap shot by Pierre-Marc Bouchard.
18:20 of 2nd period - Shot Misses the Net.
18:56 of 2nd period - Snap shot by Mike York.
18:56 of 2nd period - Stopped by Jaroslav Halak without a rebound.
18:57 of 2nd period - Jamie Lundmark wins face-off versus Rickard Wallin in Canadiens zone.
19:27 of 2nd period - Snap shot by Mikael Samuelsson.
19:27 of 2nd period - Shot Misses the Net.
19:29 of 2nd period - Slapshot by Dennis Wideman.
19:29 of 2nd period - Stopped by Jean-Sébastien Giguère without a rebound.
19:30 of 2nd period - Mike Ribeiro wins face-off versus Pierre-Marc Bouchard in Nordiques zone.
19:45 of 2nd period - Wrist shot by Patrick Marleau.
19:45 of 2nd period - Shot Misses the Net.
19:47 of 2nd period - Minor Penalty to Pierre-Marc Bouchard for Hooking.
19:48 of 2nd period - Jeff Halpern wins face-off versus Mike Ribeiro in Nordiques zone.
Goals for this period are 0 for Canadiens vs 2 for Nordiques.
Shots for this period are 8 for Canadiens vs 11 for Nordiques.
3rd period
0:01 of 3rd period - Jeff Halpern wins face-off versus Mike Ribeiro in neutral zone.
0:14 of 3rd period - Snap shot by Marek Svatos.
0:14 of 3rd period - Goal by Marek Svatos - Canadiens : 2 - Nordiques : 3.
0:15 of 3rd period - Pierre-Marc Bouchard wins face-off versus Mike Ribeiro in neutral zone.
0:29 of 3rd period - Icing by Jordan Eberle.
0:30 of 3rd period - Saku Koivu wins face-off versus Pierre-Marc Bouchard in Nordiques zone.
0:31 of 3rd period - Wrist shot by Radim Vrbata.
0:31 of 3rd period - Stopped by Jean-Sébastien Giguère without a rebound.
0:32 of 3rd period - Pierre-Marc Bouchard wins face-off versus Saku Koivu in Nordiques zone.
0:32 of 3rd period - Pierre-Marc Bouchard is hit by Saku Koivu.
0:39 of 3rd period - Double Minor Penalty to Radim Vrbata for Slashing.
0:40 of 3rd period - Patrick Marleau wins face-off versus Pierre-Marc Bouchard in Canadiens zone.
0:40 of 3rd period - Patrick Marleau is hit by Jordan Eberle.
0:53 of 3rd period - Snap shot by Mike Ribeiro.
0:53 of 3rd period - Stopped by Jean-Sébastien Giguère without a rebound.
0:54 of 3rd period - Pierre-Marc Bouchard wins face-off versus Patrick Marleau in Nordiques zone.
0:59 of 3rd period - Slapshot by Pierre-Marc Bouchard.
0:59 of 3rd period - Shot Blocked by Dennis Wideman.
1:01 of 3rd period - Wrist shot by Pierre-Marc Bouchard.
1:01 of 3rd period - Goal by Pierre-Marc Bouchard - Canadiens : 2 - Nordiques : 4.
1:02 of 3rd period - Pierre-Marc Bouchard wins face-off versus Patrick Marleau in neutral zone.
1:34 of 3rd period - Backhand shot by Tyler Arnason.
1:34 of 3rd period - Deflect By Patrik Elias.
1:34 of 3rd period - Shot Blocked by Marek Svatos.
1:34 of 3rd period - Puck is out of play.
1:35 of 3rd period - Saku Koivu wins face-off versus Peter Prucha in Canadiens zone.
2:20 of 3rd period - Slapshot by Josh Gorges.
2:20 of 3rd period - Stopped by Jean-Sébastien Giguère without a rebound.
2:21 of 3rd period - Tyler Arnason wins face-off versus Patrick Marleau in Nordiques zone.
2:26 of 3rd period - Slapshot by Bryan McCabe.
2:26 of 3rd period - Stopped by Jaroslav Halak without a rebound.
2:27 of 3rd period - Pierre-Marc Bouchard wins face-off versus Patrick Marleau in Canadiens zone.
2:30 of 3rd period - Wrist shot by Andrei Kostitsyn.
2:30 of 3rd period - Stopped by Jaroslav Halak with a rebound.
2:32 of 3rd period - Slapshot by Pierre-Marc Bouchard.
2:32 of 3rd period - Shot Blocked by Mike Ribeiro.
2:34 of 3rd period - Snap shot by Pierre-Marc Bouchard.
2:34 of 3rd period - Stopped by Jaroslav Halak without a rebound.
2:35 of 3rd period - Pierre-Marc Bouchard wins face-off versus Patrick Marleau in Canadiens zone.
3:01 of 3rd period - Penalty to Radim Vrbata is over, Radim Vrbata is back on ice.
3:10 of 3rd period - Wrist shot by Patrick Marleau.
3:10 of 3rd period - Goal by Patrick Marleau - Canadiens : 3 - Nordiques : 4.
3:11 of 3rd period - Saku Koivu wins face-off versus Pierre-Marc Bouchard in neutral zone.
3:42 of 3rd period - Wrist shot by Patrick Marleau.
3:42 of 3rd period - Goal by Patrick Marleau - Canadiens : 4 - Nordiques : 4.
3:43 of 3rd period - Pierre-Marc Bouchard wins face-off versus Mike Ribeiro in neutral zone.
3:46 of 3rd period - Slapshot by Chris Pronger.
3:46 of 3rd period - Deflect By Jordan Eberle.
3:46 of 3rd period - Stopped by Jaroslav Halak with a rebound.
3:48 of 3rd period - Snap shot by Jordan Eberle.
3:48 of 3rd period - Deflect By Marek Svatos.
3:48 of 3rd period - Stopped by Jaroslav Halak without a rebound.
3:49 of 3rd period - Mike Ribeiro wins face-off versus Pierre-Marc Bouchard in Canadiens zone.
4:02 of 3rd period - Slapshot by Patrick Marleau.
4:02 of 3rd period - Deflect By Marek Svatos.
4:02 of 3rd period - Shot Blocked by Bryan McCabe.
4:02 of 3rd period - Puck is out of play.
4:03 of 3rd period - Patrick Marleau wins face-off versus Pierre-Marc Bouchard in Nordiques zone.
4:14 of 3rd period - Wrist shot by Pierre-Marc Bouchard.
4:14 of 3rd period - Deflect By Andrei Kostitsyn.
4:14 of 3rd period - Shot Misses the Net.
4:14 of 3rd period - Puck is out of play.
4:15 of 3rd period - Mike Ribeiro wins face-off versus Pierre-Marc Bouchard in Canadiens zone.
5:05 of 3rd period - Brooks Laich is hit by Bryan McCabe and loses puck.
6:09 of 3rd period - Snap shot by Tyler Arnason.
6:09 of 3rd period - Shot Misses the Net.
6:11 of 3rd period - Wrist shot by Tyler Arnason.
6:11 of 3rd period - Stopped by Jaroslav Halak without a rebound.
6:12 of 3rd period - Mike Ribeiro wins face-off versus Rickard Wallin in Canadiens zone.
6:39 of 3rd period - Slapshot by Saku Koivu.
6:39 of 3rd period - Shot Misses the Net.
7:04 of 3rd period - Wrist shot by Michel Ouellet.
7:04 of 3rd period - Stopped by Jean-Sébastien Giguère with a rebound.
7:06 of 3rd period - Wrist shot by Riley Cote.
7:06 of 3rd period - Stopped by Jean-Sébastien Giguère with a rebound.
7:08 of 3rd period - Snap shot by Brett Clark.
7:08 of 3rd period - Shot Blocked by Bryan McCabe.
7:18 of 3rd period - Jamie Lundmark is hit by Ryan Bayda and loses puck.
8:23 of 3rd period - Wrist shot by Michel Ouellet.
8:23 of 3rd period - Shot Blocked by Tyler Arnason.
8:25 of 3rd period - Snap shot by Brooks Laich.
8:25 of 3rd period - Shot Misses the Net.
8:49 of 3rd period - Slapshot by Dennis Wideman.
8:49 of 3rd period - Shot Blocked by Jordan Leopold.
9:06 of 3rd period - Snap shot by Mikael Samuelsson.
9:06 of 3rd period - Shot Misses the Net.
9:34 of 3rd period - Mike Ribeiro is hit by Mike York.
9:50 of 3rd period - Slapshot by Radim Vrbata.
9:50 of 3rd period - Stopped by Jean-Sébastien Giguère without a rebound.
9:51 of 3rd period - Saku Koivu wins face-off versus Tyler Arnason in Nordiques zone.
9:54 of 3rd period - Snap shot by Sergei Samsonov.
9:54 of 3rd period - Stopped by Jean-Sébastien Giguère without a rebound.
9:55 of 3rd period - Saku Koivu wins face-off versus Pierre-Marc Bouchard in Nordiques zone.
10:02 of 3rd period - Snap shot by Radim Vrbata.
10:02 of 3rd period - Shot Blocked by Bryan McCabe.
11:46 of 3rd period - Nick Schultz is hit by Nicklas Lidstrom and loses puck.
12:21 of 3rd period - Snap shot by Tyler Arnason.
12:21 of 3rd period - Shot Misses the Net.
12:39 of 3rd period - Snap shot by Mattias Weinhandl.
12:39 of 3rd period - Deflect By Mike York.
12:39 of 3rd period - Stopped by Jaroslav Halak with a rebound.
13:47 of 3rd period - Wrist shot by Riley Cote.
13:47 of 3rd period - Goal by Riley Cote - Canadiens : 5 - Nordiques : 4.
13:48 of 3rd period - Mike Ribeiro wins face-off versus Jordan Eberle in neutral zone.
13:53 of 3rd period - Icing by Pierre-Marc Bouchard.
13:54 of 3rd period - Mike Ribeiro wins face-off versus Pierre-Marc Bouchard in Nordiques zone.
14:47 of 3rd period - Snap shot by Michel Ouellet.
14:47 of 3rd period - Goal by Michel Ouellet - Canadiens : 6 - Nordiques : 4.
14:48 of 3rd period - Pierre-Marc Bouchard wins face-off versus Marek Svatos in neutral zone.
15:23 of 3rd period - Slapshot by Matt Carle.
15:23 of 3rd period - Stopped by Jean-Sébastien Giguère with a rebound.
15:25 of 3rd period - Slapshot by Craig Rivet.
15:25 of 3rd period - Stopped by Jean-Sébastien Giguère without a rebound.
15:26 of 3rd period - Mike Ribeiro wins face-off versus Tyler Arnason in Nordiques zone.
15:51 of 3rd period - Brooks Laich is hit by Jordan Leopold and loses puck.
16:39 of 3rd period - Off-side.
16:40 of 3rd period - Mike Ribeiro wins face-off versus Jeff Halpern in neutral zone.
17:04 of 3rd period - Jeff Halpern is hit by Patrick Marleau and loses puck.
17:11 of 3rd period - Snap shot by Mike Ribeiro.
17:11 of 3rd period - Shot Blocked by Bryan McCabe.
17:13 of 3rd period - Slapshot by Matt Carle.
17:13 of 3rd period - Stopped by Jean-Sébastien Giguère without a rebound.
17:14 of 3rd period - Brooks Laich wins face-off versus Rickard Wallin in Nordiques zone.
18:37 of 3rd period - Backhand shot by Michel Ouellet.
18:37 of 3rd period - Deflect By Brooks Laich.
18:37 of 3rd period - Stopped by Jean-Sébastien Giguère with a rebound.
18:43 of 3rd period - Snap shot by Riley Cote.
18:43 of 3rd period - Stopped by Jean-Sébastien Giguère without a rebound.
18:44 of 3rd period - Brooks Laich wins face-off versus Rickard Wallin in Nordiques zone.
18:55 of 3rd period - Wrist shot by Mike York.
18:55 of 3rd period - Shot Blocked by Brooks Laich.
18:57 of 3rd period - Slapshot by Rickard Wallin.
18:57 of 3rd period - Deflect By Mattias Weinhandl.
18:57 of 3rd period - Shot Misses the Net.
18:57 of 3rd period - Puck is out of play.
18:58 of 3rd period - Rickard Wallin wins face-off versus Patrick Marleau in Canadiens zone.
19:09 of 3rd period - Mattias Weinhandl is hit by Mike Ribeiro and loses puck.
19:14 of 3rd period - Wrist shot by Marek Svatos.
19:14 of 3rd period - Deflect By Patrick Marleau.
19:14 of 3rd period - Stopped by Jean-Sébastien Giguère without a rebound.
19:15 of 3rd period - Brooks Laich wins face-off versus Tyler Arnason in Nordiques zone.
19:30 of 3rd period - Snap shot by Michel Ouellet.
19:30 of 3rd period - Stopped by Jean-Sébastien Giguère without a rebound.
19:31 of 3rd period - Rickard Wallin wins face-off versus Saku Koivu in Nordiques zone.
19:58 of 3rd period - Dennis Wideman is hit by Bryan McCabe and loses puck.
Goals for this period are 5 for Canadiens vs 1 for Nordiques.
Shots for this period are 19 for Canadiens vs 8 for Nordiques.
Output by the SimonT Hockey Simulator (STHS) for François Prévost -- Original Page W3C XHTML 1.0 Valid